 Dungeon Crawl Stone Soup version 0.31-a0-845-g9abc20d24f (webtiles) character file.

Game seed: 9656353078994542866

2223 Ethylacetat the Changeling (level 9, -3/56 HPs)
             Began as an Octopode Shapeshifter on Oct 2, 2023.
             Was an Initiate of Gozag.
             Slain by a killer bee (6 damage)
             ... on level 7 of the Dungeon.
             The game lasted 00:06:44 (6298 turns).

Ethylacetat the Changeling (Octopode Shapeshifter)  Turns: 6298, Time: 00:06:47

Health: -3/56      AC:  7    Str: 19    XL:     9   Next: 35%
Magic:  9/9        EV: 12    Int: 12    God:    Gozag
Gold:   459        SH:  0    Dex: 15    Spells: 8/8 levels left

rFire   . .          .
                       - Unarmed
rCold   . . .        (shield currently unavailable)
rNeg    . . .        (helmet currently unavailable)
rPois   .            (no amulet)
rElec   .            (no ring)
rCorr   .            (no ring)
SInv    +            (no ring)
Will    .....        (no ring)
Stlth   +            (no ring)
HPRegen 0.29/turn    (no ring)
MPRegen 0.11/turn    (no ring)
                     (no ring)

%: no passive effects
@: lethally poisoned (-3 -> -9), snake-form, invisible
A: constrict, reduced hp, almost no armour, amphibious, 8 rings, large,
(camouflage 1), (gelatinous body 1), (nimble swimmer 1), (tentacles)
a: Begin Untransformation, Renounce Religion, Potion Petition, Call Merchant,
Bribe Branch


You were on level 7 of the Dungeon.
You worshipped Gozag.
Gozag was aware of your devotion.
You were an enormous anaconda.
You visited 2 branches of the dungeon, and saw 8 of its levels.

You collected 549 gold pieces.
You paid 90 gold pieces to Gozag.

Inventory:

Talismans
 v - a serpent talisman (active)
Wands
 t - a wand of iceblast (10)
Scrolls
 d - 4 scrolls of identify
 e - a scroll of amnesia {unknown}
 f - a scroll of torment {unknown}
 h - 2 scrolls of enchant weapon {unknown}
 i - 4 scrolls of revelation
 j - 4 scrolls of teleportation {unknown}
 m - 2 scrolls of fear {unknown}
 o - a scroll of silence {unknown}
 q - a scroll of vulnerability {unknown}
 x - a scroll of brand weapon {unknown}
Potions
 a - a potion of lignification
 b - a potion of invisibility
 g - a potion of mutation {unknown}
 k - 6 potions of curing
 l - 2 potions of might
 p - a potion of brilliance {unknown}
 r - 2 potions of heal wounds
 s - a potion of haste {unknown}
 u - a potion of attraction {unknown}
 w - a potion of degeneration {unknown}
 z - a potion of berserk rage {unknown}
 A - a potion of resistance {unknown}


   Skills:
 + Level 5.3 Fighting
 + Level 5.7 Dodging
 + Level 6.2 Unarmed Combat
 * Level 7.6 Shapeshifting


You had 8 spell levels left.
You didn't know any spells.
Your spell library contained the following spells:

 Spells                   Type           Power      Damage    Failure   Level
 Apportation              Tloc           0%         N/A       32%         1
 Kiss of Death            Conj/Necr      0%         2d5       32%         1
 Necrotise                Necr           0%         1d4       32%         1
 Summon Small Mammal      Summ           0%         N/A       32%         1
 Confusing Touch          Hex            0%         N/A       69%         3
 Dispel Undead            Necr           0%         3d6       97%         4


Dungeon Overview and Level Annotations

Branches:
Dungeon (7/15)             Temple (1/1) D:5

Altars:
Ashenzari
Dithmenos
Elyvilon
Fedhas
Gozag
Kikubaaqudgha
Makhleb
Nemelex Xobeh
Okawaru
Qazlal
Ru
Trog
Uskayaw
Vehumet
Wu Jian
Xom
Yredelemnul
Zin
The Shining One
Lugonu

Portals:
Abyss: D:3


Innate Abilities, Weirdness & Mutations

You are an enormous anaconda.
You have a powerful constriction melee attack.
Your maximum health is decreased, since you lack skill for your form.
Your armour is entirely melded.
You are incapable of wielding weapons or throwing items.
You cannot wear most types of armour.
You are amphibious.
You can wear up to eight rings at the same time.
((Your skin changes colour to match your surroundings (Stealth+).))
((Your rubbery body absorbs attacks. (AC +1, EV +1)))
((You are camouflaged when in or above water. (Stealth+)))
((You have tentacles for arms and can constrict up to eight enemies at once.))


Message History

No target in view!
A centaur comes into view.
A killer bee comes into view.
The centaur shouts!
You hear an angry buzzing noise. x2
The centaur wields a +0 orcbow.
The centaur shoots an arrow.
The arrow hits you!
A killer bee comes into view. 2 killer bees come into view.
The killer bee buzzes angrily. x2
The centaur shoots an arrow.
The arrow hits you!
The centaur shoots an arrow.
The arrow hits you!
A killer bee comes into view.
You are too injured to fight recklessly!
You are too injured to fight recklessly!
The centaur shoots an arrow.
The arrow closely misses you.
Okay, then.
As you read the scroll labelled UROAS LOL ICW, it crumbles to dust.
It is a scroll of identify.
b - 2 potions of invisibility The centaur shoots an arrow.
The arrow hits you. The killer bee closely misses you.
The centaur shoots an arrow.
The arrow completely misses you. The killer bee closely misses you.
You fade into invisibility!
The killer bee barely misses you.
The centaur shoots an arrow.
The arrow misses you. The killer bee closely misses you.
Okay, then.
As you read the scroll labelled FIWKIO LAYDECKUNT, it crumbles to dust.
You feel aware of your surroundings.
You sensed 2 altars, and 1 shop/portal.
It was a scroll of revelation.
The centaur shoots an arrow.
The arrow hits you!
* * * LOW HITPOINT WARNING * * *
The killer bee stings you!
* * * LOW HITPOINT WARNING * * *
You are lethally poisoned!
The killer bee poisons you!
A killer bee comes into view.
The centaur shoots an arrow.
The arrow closely misses you.
A bullfrog comes into view.
The killer bee barely misses you. x2; The killer bee stings you.
You die...
Your body crumbles into a pile of gold.

,,,**,**#..,*##.....#**,,,,,,,**
,,,,,,,*#..###......##..,*,,,,,*
,,*,,,,,y.....c.........,*,,,,**
,**,,,,,..................,,,**
,,,,,,,,........>.........,,,*
,,,,,*,,.Fy......###......,***
,,,,,**,...y......###...##.*
,,,,,,,,.......y......^...#*
<,,*,,,,.......yS..........**
,>***,,,.......yy........#,,*
,,***,*,......###........#,,**
,,,*,**,.......##...[...##,,,**
,,,*,,,,.......##...#......,,,*
,,,,,,,,###.....#...#......,,,*
,,,,,,,,,##...#.#..........****
,*,,,,,,*##.....<.........#****
**,,**,**,#.........#####..,,,**


You could see a bullfrog (wandering, unable to see you), a centaur (unable to
see you) and 6 killer bees.

Vanquished Creatures
  4 vampire mosquitoes (D:6)
  3 ice beasts
  A water moccasin (D:6)
  An ogre (D:6)
  A kobold brigand (D:6)
  Blork the orc (D:5)
  3 bullfrogs
  4 scorpions
  4 jellies
  4 hounds
  An orc priest (D:6)
  A sleepcap (D:5)
  Terence (D:3)
  3 iguanas
  2 orc wizards
  12 adders
  A shadow imp (D:5)
  A white imp (D:6)
  An ufetubus (D:6)
  2 worms
  4 dart slugs
  9 orcs
  12 endoplasms
  2 giant cockroaches
  6 goblins
  3 hobgoblins
  7 jackals
  3 quokkas
  4 ball pythons (D:4)
  8 bats
  2 frilled lizards
  14 kobolds
  3 rats
128 creatures vanquished.

Vanquished Creatures (others)
  2 lurking horrors (D:3)
2 creatures vanquished.

Grand Total: 130 creatures vanquished

Notes
Turn   | Place    | Note
-------+----------+-------------------------------------------
     0 | D:1      | Ethylacetat the Octopode Shapeshifter began the quest for
                  | the Orb.
     0 | D:1      | Reached XP level 1. HP: 13/13 MP: 1/1
   132 | D:1      | Reached XP level 2. HP: 5/18 MP: 2/2
   707 | D:2      | Found a shimmering altar of Xom.
   742 | D:2      | Reached XP level 3. HP: 22/23 MP: 3/3
  1252 | D:2      | Reached XP level 4. HP: 22/29 MP: 4/4
  1605 | D:3      | Found a one-way gate to the infinite horrors of the Abyss.
  1606 | D:3      | Found a corrupted altar of Lugonu.
  1913 | D:3      | Found a blossoming altar of Fedhas.
  1930 | D:3      | Noticed Terence
  1940 | D:3      | Killed Terence
  1941 | D:3      | Reached skill level 4 in Shapeshifting
  1941 | D:3      | Reached XP level 5. HP: 2/34 MP: 5/5
  2076 | D:3      | Found a sacrificial altar of Ru.
  2098 | D:3      | Found a sparkling altar of Nemelex Xobeh.
  2159 | D:3      | Found a shadowy altar of Dithmenos.
  2823 | D:4      | Identified the scarf of the Vestibule of Hell {+Inv, rC+
                  | Dex+5}
  2948 | D:4      | Reached XP level 6. HP: 29/41 MP: 6/6
  3231 | D:4      | Found an iron altar of Okawaru.
  3232 | D:4      | Found a radiant altar of Vehumet.
  3239 | D:4      | Found an ancient bone altar of Kikubaaqudgha.
  3247 | D:4      | Found a basalt altar of Yredelemnul.
  3663 | D:5      | Entered Level 5 of the Dungeon
  3688 | D:5      | Found a shimmering altar of Xom.
  3835 | D:5      | Reached skill level 5 in Shapeshifting
  3835 | D:5      | Reached XP level 7. HP: 42/46 MP: 7/7
  3900 | D:5      | Noticed Blork the orc
  3911 | D:5      | Killed Blork the orc
  4270 | D:5      | Found a staircase to the Ecumenical Temple.
  4283 | Temple   | Entered the Ecumenical Temple
  4294 | Temple   | Became a worshipper of Gozag Ym Sagoz the Greedy
  4385 | D:5      | Reached XP level 8. HP: 40/54 MP: 8/8
  4401 | D:5      | Reached skill level 5 in Unarmed Combat
  4401 | D:5      | Reached skill level 6 in Shapeshifting
  4772 | D:6      | Reached skill level 5 in Dodging
  4943 | D:6      | Reached skill level 7 in Shapeshifting
  4948 | D:6      | Reached XP level 9. HP: 41/60 MP: 9/9
  5043 | D:6      | Reached skill level 5 in Fighting
  6298 | D:7      | Slain by a killer bee

Illustrated notes

Levels and vault maps discovered:
D:1:      minmay_arrival_open_corners, layout_basic, palyth_stone_intersect
D:2:      layout_loops_ring, basic_altar
D:3:      layout_loops_ring, nicolae_dithmenos_the_darkroom,
          mainiacjoe_overflow_alcove_2, nicolae_ru_path_of_blood,
          nemelex_dance_club_becter, serial_park_tiny_2,
          amcnicky_altar_lugonu_corruption, uniq_terence
D:4:      layout_loops_corners, nicolae_overflow_macrodata_refinement,
          chequers_serial_rivers_small_b
D:5:      layout_loops_ring, xom_teletrap_fun, minmay_temple_entry_antechambers,
          nrook_uturn, uniq_blork_the_orc
D:6:      layout_basic
D:7:      layout_cave_pools, nzn_hepliaklqana_mist_gate, lemuel_tele_altar
Temple:   hellmonk_temple_rainy

Skill      XL: |  1  2  3  4  5  6  7  8  9 |
---------------+----------------------------+-----
Fighting       | 2 3 4 5 |  5.3
Shapeshifting  | 4 5 7 |  7.6
Dodging        | 3 4 5 |  5.7
Unarmed Combat | 4 5 6 |  6.2

Action                     |  1- 3 |  4- 6 |  7- 9 || total
---------------------------+-------+-------+-------++-------
  Melee: Unarmed           |    61 |   119 |   138 ||   318
         Constrict         |    16 |    31 |    26 ||    73
         Tentacles         |    12 |    26 |    14 ||    52
         Punch             |     2 |     3 |       ||     5
    Use: Potion            |       |       |     8 ||     8
         Scroll            |       |       |     2 ||     2
   Stab: Sleeping          |     6 |     8 |     1 ||    15
 Armour: Skin              |    26 |    54 |    97 ||   177
  Dodge: Dodged            |    23 |    45 |    76 ||   144
   Form: Anaconda          |       |       |     1 ||     1

Table legend: (Time is in decaauts)
 A = Elapsed time spent in this place.
 B = Non-inter-level travel time spent in this place.
 C = Inter-level travel time spent in this place.
 D = Time resting spent in this place.
 E = Time spent auto-exploring this place.
 F = Levels seen in this place.
 G = Mean time per level.
                   A        B        C        D        E       F      G
               +--------+--------+--------+--------+--------+-----+--------+
         Total |   6272 |   6078 |    194 |     60 |   5210 |   8 |  784.0 |
       Dungeon |   6250 |   6065 |    185 |     60 |   5210 |   7 |  892.9 |
        Temple |     21 |     12 |      9 |      0 |      0 |   1 |   21.0 |
               +--------+--------+--------+--------+--------+-----+--------+

Top non-repeatable levels by time:
     D:6: 1566 daAuts
     D:4: 1095 daAuts
     D:5: 1018 daAuts
     D:3: 990 daAuts
     D:2: 903 daAuts
     D:1: 663 daAuts
  Temple: 21 daAuts
     D:7: 12 daAuts
